[Event "ICC tourney 1900 (45 10)"]
[Site "Internet Chess Club"]
[Date "2020.07.04"]
[Round "4"]
[White "imranchamp"]
[Black "checkninja"]
[Result "0-1"]
[ICCResult "White checkmated"]
[WhiteElo "1499"]
[BlackElo "1477"]
[Opening "Sicilian: closed"]
[ECO "B23"]
[NIC "SI.44"]
[Time "18:30:51"]
[TimeControl "2700+10"]

1. e4 c5 2. Nc3 d6 3. f4 g6 4. Nf3 Bg7 5. Bc4 e6 6. f5 exf5 7. d3 Nf6 8. O-O
O-O 9. Qe1 h6 10. Qh4 Nh5 11. Qxd8 Rxd8 12. Nh4 Be6 13. Bxe6 fxe6 14. Nxg6
Nc6 15. exf5 exf5 16. Rxf5 Bd4+ 17. Kh1 Ng7 18. Rf3 Kh7 19. Nf4 Ne5 20. Rf1
Ng4 21. h3 Nf5 22. Nh5 Nge3 23. Bxe3 Nxe3 24. Rfc1 Rf8 25. Nd1 Rf1+ 26. Kh2
Be5+ 27. g3 Nxd1 28. Rxd1 Rf2+ 29. Kg1 Rxc2 30. g4 Rf8 31. Rf1 Bd4+ 32. Kh1
Rff2 33. Rxf2 Rxf2 34. Re1 Be5 35. Kg1 Rxb2 36. Rf1 Kg6 37. Rf8 Rxa2 38. Ra8
a5 39. Ra7 c4 40. Rxb7 cxd3 41. Rb1 d2 42. Rd1 Ra1 43. Nf4+ Kf7 44. Rxa1
Bxa1 45. Ne2 d1=Q+ 46. Kg2 Qxe2+ 47. Kg1 Bd4+ 48. Kh1 Qf2 49. g5 Qg1#
{White checkmated}
0-1

[Event "ICC tourney 1900 (45 10)"]
[Site "Internet Chess Club"]
[Date "2020.07.04"]
[Round "4"]
[White "aarushnaveen"]
[Black "aghilan"]
[Result "1/2-1/2"]
[ICCResult "Game drawn by mutual agreement"]
[WhiteElo "1509"]
[BlackElo "1559"]
[Opening "Giuoco Piano: M?ller (Therkatz) attack"]
[ECO "C54"]
[NIC "IG.02"]
[Time "18:31:03"]
[TimeControl "2700+10"]

1. e4 e5 2. Nf3 Nc6 3. Bc4 Bc5 4. c3 Nf6 5. d4 exd4 6. cxd4 Bb4+ 7. Nc3 Nxe4
8. O-O Bxc3 9. d5 Ne5 10. Qe2 O-O 11. bxc3 Nxc4 12. Qxc4 Nd6 13. Qd3 b6 14.
Bg5 f6 15. Bf4 Nf7 16. Rfe1 d6 17. Nd4 Ne5 18. Qc2 Bd7 19. Bg3 g5 20. f4
gxf4 21. Bxf4 Kh8 22. Re3 Qe7 23. c4 Rg8 24. Rf1 Rg6 25. Bg3 Rag8 26. Re2
Rg4 27. Qc3 h5 28. Qd2 Qg7 29. Ne6 Bxe6 30. dxe6 Nxc4 31. Qe1 Ne5 32. Qf2
Re8 33. Bh4 Rxe6 34. Bxf6 Rxg2+ 35. Qxg2 Rxf6 36. Rxf6 Qxf6 37. Qa8+ Kg7 38.
Rf2 Qg5+ 39. Kf1 Qc1+ 40. Kg2 Ng6 41. Qd8 {Game drawn by mutual agreement}
1/2-1/2

[Event "ICC tourney 1900 (45 10)"]
[Site "Internet Chess Club"]
[Date "2020.07.04"]
[Round "4"]
[White "brilliantnessme"]
[Black "delere"]
[Result "1-0"]
[ICCResult "Black resigns"]
[WhiteElo "1616"]
[BlackElo "1544"]
[Opening "French: classical, Steinitz variation"]
[ECO "C14"]
[NIC "FR.06"]
[Time "18:30:55"]
[TimeControl "2700+10"]

1. e4 e6 2. d4 d5 3. Nc3 Nf6 4. Bg5 Be7 5. e5 Nfd7 6. Bxe7 Qxe7 7. f4 a6 8.
Nf3 c5 9. dxc5 Qxc5 10. Qd2 Nc6 11. O-O-O b5 12. Bd3 Nb6 13. Ne2 Bd7 14. Kb1
b4 15. g4 a5 16. f5 O-O-O 17. Ned4 Nc4 18. Bxc4 dxc4 19. Qf4 Nxd4 20. Nxd4
Rhf8 21. Rhe1 a4 22. Qf3 Kc7 23. Qe3 Qb6 24. Qg5 g6 25. Qe7 Kc8 26. Nf3 Qb7
27. Ng5 Bc6 28. Qxb7+ Bxb7 29. fxe6 Rxd1+ 30. Rxd1 fxe6 31. Nxe6 Re8 32. Rd6
Kb8 33. Nc5 Rxe5 34. Nd7+ Kc7 35. Nxe5 Kxd6 36. Nxc4+ Kc5 37. b3 axb3 38.
cxb3 g5 39. Kc2 Bf3 40. Ne5 Be4+ 41. Kd2 Kd4 42. Nf7 Bd5 43. Nxg5 h6 44. Nh3
Ke4 45. Nf2+ Kf3 46. Nd3 Kxg4 47. Nxb4 Bb7 48. a4 Kh3 49. Ke3 Kxh2 50. Kf2
h5 51. a5 h4 52. a6 Ba8 53. Nd3 Kh3 54. Ne5 Kh2 55. b4 h3 56. b5 Kh1 57. b6
h2 58. Ng4 Bb7 59. a7 Ba8 60. Kg3 Kg1 61. Nxh2 Bb7 62. Nf3+ Kf1 63. Nd4 Ke1
64. Nb5 Kd2 65. Nd6 Ba8 66. b7 {Black resigns} 1-0

[Event "ICC tourney 1900 (45 10)"]
[Site "Internet Chess Club"]
[Date "2020.07.04"]
[Round "4"]
[White "evilking"]
[Black "Tombstone"]
[Result "1-0"]
[ICCResult "Black checkmated"]
[WhiteElo "1504"]
[BlackElo "1469"]
[Opening "Sicilian: Najdorf, Byrne (English) attack"]
[ECO "B90"]
[NIC "SI.14"]
[Time "18:30:46"]
[TimeControl "2700+10"]

1. e4 c5 2. Nf3 d6 3. d4 cxd4 4. Nxd4 Nf6 5. Nc3 a6 6. Be3 e5 7. Nb3 Be6 8.
f3 h5 9. Qd2 Nbd7 10. O-O-O Be7 11. Kb1 b5 12. h3 Rc8 13. Nd5 Nxd5 14. exd5
Bf5 15. Bd3 Bxd3 16. Qxd3 O-O 17. g4 h4 18. f4 Bf6 19. Rhg1 exf4 20. Bxf4
Be5 21. Rdf1 Rc4 22. Be3 Bf6 23. g5 Be7 24. g6 Ne5 25. gxf7+ Rxf7 26. Rxf7
Kxf7 27. Qf5+ Bf6 28. Bh6 Kg8 29. Be3 Qd7 30. Qxf6 Ng4 31. Qg5 Ne5 32. Bd4
Nf3 33. Qxg7+ Qxg7 34. Rxg7+ Kf8 35. Rg4 Kf7 36. Rf4+ Kg6 37. Rxf3 Kg5 38.
Rc3 Rxc3 39. Bxc3 Kf4 40. Be1 Kf3 41. Bxh4 Kg2 42. Be7 Kxh3 43. Bxd6 Kg4 44.
Nc5 Kf5 45. Bc7 Kf6 46. d6 a5 47. d7 a4 48. d8=Q+ Kf7 49. Qd6 Kg7 50. Qe6 b4
51. Be5+ Kf8 52. Nd7# {Black checkmated} 1-0

[Event "ICC tourney 1900 (45 10)"]
[Site "Internet Chess Club"]
[Date "2020.07.04"]
[Round "4"]
[White "whyyoutrysohard"]
[Black "HarleyQueen8"]
[Result "0-1"]
[ICCResult "White resigns"]
[WhiteElo "1353"]
[BlackElo "1501"]
[Opening "QGD: Tarrasch, Prague variation"]
[ECO "D33"]
[NIC "CA.01"]
[Time "18:30:47"]
[TimeControl "2700+10"]

1. d4 Nf6 2. c4 e6 3. g3 d5 4. Nf3 c5 5. cxd5 exd5 6. Nc3 Nc6 7. Bg5 cxd4 8.
Nxd4 Be7 9. Bg2 O-O 10. O-O h6 11. Bf4 Be6 12. Rb1 Bc5 13. Nxc6 bxc6 14. Rc1
Be7 15. Na4 Qa5 16. Be3 Qb5 17. Bc5 Bxc5 18. Rxc5 Qb7 19. b3 Nd7 20. Rc1
Rac8 21. Nc5 Nxc5 22. Rxc5 Qb4 23. Qc2 Bf5 24. Qc3 Qxc3 25. Rxc3 Rfe8 26. e3
Kf8 27. Rfc1 Bd7 28. Kf1 Ke7 29. e4 d4 30. Rc4 d3 31. Rd1 c5 32. a4 Be6 33.
Rc3 c4 34. bxc4 Bxc4 35. Ke1 Red8 36. Kd2 Ba6 37. Rdc1 Rb8 38. Rc7+ Kf8 39.
Rxa7 Rb2+ 40. Ke3 Re2+ 41. Kf3 d2 42. Rcc7 Bc4 {White resigns} 0-1

[Event "ICC tourney 1900 (45 10)"]
[Site "Internet Chess Club"]
[Date "2020.07.04"]
[Round "4"]
[White "poohfur"]
[Black "bbrockva"]
[Result "1-0"]
[ICCResult "Black forfeits on time"]
[WhiteElo "1467"]
[BlackElo "1561"]
[Opening "Sicilian, Sz?n (`anti-Taimanov') variation"]
[ECO "B44"]
[NIC "SI.39"]
[Time "18:31:11"]
[TimeControl "2700+10"]

1. e4 c5 2. Nf3 e6 3. d4 cxd4 4. Nxd4 Nc6 5. Nb5 d6 6. Bf4 e5 7. Be3 a6 8.
N5c3 Nf6 9. Bg5 Be7 10. Bxf6 Bxf6 11. Nd5 O-O 12. a4 Be6 13. Nbc3 Rc8 14. a5
Nd4 15. Nb6 Rc6 16. Bd3 Qe8 17. Ncd5 Bxd5 18. Nxd5 Bd8 19. c3 Ne6 20. g3 Nc5
21. b4 Nxd3+ 22. Qxd3 f5 23. f3 fxe4 24. fxe4 Qg6 25. Rf1 Rxf1+ 26. Kxf1 Bg5
27. c4 Bd8 28. b5 axb5 29. cxb5 Rc5 30. a6 bxa6 31. bxa6 Rc8 32. a7 Qf7+ 33.
Kg2 Ra8 34. Qb5 Qf8 35. Qb7 Bf6 36. Nc7 {Black forfeits on time} 1-0

[Event "ICC tourney 1900 (45 10)"]
[Site "Internet Chess Club"]
[Date "2020.07.04"]
[Round "4"]
[White "Kiwimonster31"]
[Black "Priccchess"]
[Result "1/2-1/2"]
[ICCResult "Game drawn by mutual agreement"]
[WhiteElo "1537"]
[BlackElo "1605"]
[Opening "Philidor: exchange variation"]
[ECO "C41"]
[NIC "KP.08"]
[Time "18:30:50"]
[TimeControl "2700+10"]

1. e4 e5 2. Nf3 d6 3. d4 exd4 4. Nxd4 Nf6 5. Nc3 a6 6. a4 Be7 7. Bc4 O-O 8.
O-O Bd7 9. h3 Nc6 10. Be3 h6 11. Ba2 Nxd4 12. Bxd4 Be6 13. Qe2 Bxa2 14. Rxa2
Nd7 15. Raa1 Bf6 16. Rad1 Re8 17. Qd2 Ne5 18. Nd5 Nd7 19. Rfe1 Bxd4 20. Qxd4
Nf6 21. Nxf6+ Qxf6 22. Qxf6 gxf6 23. f4 Re7 24. Kf2 Rae8 25. Kf3 f5 26. Rd4
Kg7 27. b4 Kf6 28. g4 fxe4+ 29. Rdxe4 d5 30. Rxe7 Rxe7 31. Rxe7 Kxe7 32. g5
h5 33. f5 a5 34. b5 c5 35. bxc6 bxc6 36. Kf4 f6 37. g6 c5 38. Ke3 Kf8
{Game drawn by mutual agreement}
1/2-1/2

[Event "ICC tourney 1900 (45 10)"]
[Site "Internet Chess Club"]
[Date "2020.07.04"]
[Round "4"]
[White "Singireddy"]
[Black "Joshua1"]
[Result "1-0"]
[ICCResult "Black checkmated"]
[WhiteElo "1708"]
[BlackElo "1559"]
[Opening "Sicilian: Alapin's variation (2.c3)"]
[ECO "B22"]
[NIC "SI.47"]
[Time "18:30:55"]
[TimeControl "2700+10"]

1. e4 c5 2. c3 Nf6 3. e5 Nd5 4. d4 cxd4 5. cxd4 e6 6. Nc3 Nxc3 7. bxc3 d6 8.
exd6 Bxd6 9. Bd3 Nd7 10. Nf3 Nf6 11. O-O O-O 12. Bg5 h6 13. Bh4 b6 14. Ne5
Bb7 15. Re1 Rc8 16. c4 Bb4 17. Re3 Bc3 18. Ng4 Bxd4 19. Nxh6+ gxh6 20. Rg3+
Kh8 21. Qd2 Bxf2+ 22. Qxf2 Ne4 23. Bxd8 Nxf2 24. Bf6# {Black checkmated} 1-0

[Event "ICC tourney 1900 (45 10)"]
[Site "Internet Chess Club"]
[Date "2020.07.04"]
[Round "4"]
[White "Kausy"]
[Black "Legal757"]
[Result "1-0"]
[ICCResult "Black resigns"]
[WhiteElo "1705"]
[BlackElo "1297"]
[Opening "Caro-Kann: advance variation"]
[ECO "B12"]
[NIC "CK.02"]
[Time "18:31:26"]
[TimeControl "2700+10"]

1. e4 c6 2. d4 d5 3. e5 c5 4. dxc5 e6 5. a3 Nd7 6. Nf3 Bxc5 7. Bd3 Ne7 8.
O-O Ng6 9. Re1 Qc7 10. b4 Bb6 11. Bb2 a5 12. b5 Nc5 13. a4 Nxd3 14. cxd3 Bd7
15. Na3 Rc8 16. Rc1 Qb8 17. Rxc8+ Qxc8 18. Qd2 O-O 19. Rc1 Qb8 20. d4 Rc8
21. g3 Bd8 22. Rxc8 Qxc8 23. Qc3 Qxc3 24. Bxc3 Be7 25. Nc2 b6 26. Nd2 f6 27.
f4 Be8 28. Ne3 fxe5 29. fxe5 h5 30. h4 Nf8 31. Kf2 g5 32. Nf3 gxh4 33. Nxh4
Kh7 34. Nf3 Kg6 35. Ng2 Kf5 36. Ke3 Kg4 37. Kf2 Bg6 38. Ne3+ Kh3 39. Ng1+
Kh2 40. Nf3+ Kh1 41. g4 hxg4 42. Nxg4 Bc2 43. Kg3 Bh4+ 44. Nxh4 Kg1 45. Ne3
Bxa4 46. Nf3+ Kh1 47. Ng4 {Black resigns} 1-0

[Event "ICC tourney 1900 (45 10)"]
[Site "Internet Chess Club"]
[Date "2020.07.04"]
[Round "4"]
[White "Froild"]
[Black "devalapallip"]
[Result "1-0"]
[ICCResult "Black resigns"]
[WhiteElo "1374"]
[BlackElo "1188"]
[Opening "QGD"]
[ECO "D52"]
[NIC "QP.11"]
[Time "18:31:22"]
[TimeControl "2700+10"]

1. Nf3 Nf6 2. c4 c6 3. Nc3 e6 4. d4 d5 5. Bg5 Nbd7 6. e3 h6 7. Bf4 Be7 8.
Bd3 O-O 9. O-O dxc4 10. Bxc4 b5 11. Bd3 a6 12. a3 Qb6 13. Rc1 Bb7 14. Bb1 c5
15. dxc5 Nxc5 16. Ne5 Rfd8 17. Qc2 Rac8 18. Ng4 Nce4 19. Nxf6+ Nxf6 20. Be5
Qc6 21. f3 g6 22. Qe2 Qc4 23. Qe1 Qc5 24. Bd4 Qg5 25. Ne4 Nxe4 26. Bxe4 Bxe4
27. fxe4 Bc5 28. Qf2 Rd7 29. b4 Qe7 30. Bxc5 Qg5 31. e5 Rdc7 32. Qf4 Qxf4
33. exf4 a5 34. Rcd1 axb4 35. axb4 Ra8 36. Ra1 Rac8 37. Ra5 Rb7 38. Rd1 Kg7
39. Rd6 h5 40. Kf2 Rcc7 41. h3 Rc8 42. Raa6 Rcb8 43. Kg3 Rc7 44. Rab6 Rcb7
45. Rxb7 Rxb7 46. Rb6 Rd7 47. Rxb5 Rd3+ 48. Kh2 Rc3 49. Rb8 Rc4 50. Be7
{Black resigns}
1-0

[Event "ICC tourney 1900 (45 10)"]
[Site "Internet Chess Club"]
[Date "2020.07.04"]
[Round "4"]
[White "sathviks"]
[Black "adchess"]
[Result "1/2-1/2"]
[ICCResult "Black stalemated"]
[WhiteElo "1685"]
[BlackElo "2086"]
[Opening "Ruy Lopez: Berlin defense, Beverwijk variation"]
[ECO "C65"]
[NIC "RL.07"]
[Time "18:31:07"]
[TimeControl "2700+10"]

1. e4 e5 2. Nf3 Nc6 3. Bb5 Nf6 4. O-O Bc5 5. c3 O-O 6. d3 d6 7. h3 Bd7 8.
Re1 h6 9. Nbd2 a6 10. Ba4 b5 11. Bc2 Re8 12. Nf1 Ba7 13. Ng3 Qc8 14. Nh2 a5
15. Qf3 Qd8 16. Nf5 Bxf5 17. Qxf5 Ne7 18. Qf3 Ng6 19. a4 b4 20. Bd2 bxc3 21.
bxc3 Rb8 22. Rab1 Qe7 23. Ng4 Nxg4 24. Qxg4 Qf6 25. Be3 Bxe3 26. fxe3 Qe7
27. Bb3 Nf8 28. Rf1 Ne6 29. Bxe6 Qxe6 30. Qxe6 fxe6 31. Kf2 Kf7 32. Ke2+ Ke7
33. d4 exd4 34. exd4 c6 35. Kd3 Red8 36. Kc4 g5 37. g4 d5+ 38. Kd3 Rf8 39.
Rxf8 Rxf8 40. Ke3 dxe4 41. Kxe4 Kd6 42. Rb7 Rf4+ 43. Ke3 e5 44. Ra7 exd4+
45. cxd4 Rf1 46. Rxa5 Rh1 47. Ke4 Rxh3 48. Ra8 Rg3 49. Kf5 Rf3+ 50. Kg6 Rf4
51. Kh5 Kc7 52. Ra7+ Kb6 53. Rd7 Re4 54. d5 cxd5 55. Rxd5 Kc6 56. Ra5 Kd7
57. Ra7+ Ke8 58. a5 Re6 59. Rh7 Ra6 60. Rxh6 Rxa5 61. Rf6 Ke7 62. Rf5 Rxf5
63. gxf5 g4 64. Kxg4 Kf6 65. Kf4 Kf7 66. Ke5 Ke7 67. f6+ Kf7 68. Kf5 Kf8 69.
Ke6 Ke8 70. f7+ Kf8 71. Kf6 {Black stalemated} 1/2-1/2

[Event "ICC tourney 1900 (45 10)"]
[Site "Internet Chess Club"]
[Date "2020.07.04"]
[Round "4"]
[White "peekaboopenguin"]
[Black "harkerchess"]
[Result "0-1"]
[ICCResult "White checkmated"]
[WhiteElo "1232"]
[BlackElo "1455"]
[Opening "Ruy Lopez: closed, Bogolyubov variation"]
[ECO "C91"]
[NIC "RL.20"]
[Time "18:30:50"]
[TimeControl "2700+10"]

1. e4 e5 2. Nf3 Nc6 3. Bb5 a6 4. Ba4 Nf6 5. O-O b5 6. Bb3 Be7 7. Re1 d6 8.
c3 O-O 9. d4 Bg4 10. d5 Nb8 11. Bc2 Nbd7 12. Be3 Bh5 13. Nbd2 Bg6 14. Rc1
Ng4 15. Nf1 Nxe3 16. Nxe3 Nf6 17. Nd2 Qd7 18. c4 h5 19. Bd3 Rfb8 20. Qc2 b4
21. Nb3 a5 22. h3 a4 23. Nd2 Ra7 24. b3 Rba8 25. Ra1 axb3 26. Nxb3 Ra3 27.
c5 dxc5 28. Nc4 R3a7 29. Nxe5 Qe8 30. Nxg6 fxg6 31. Nxc5 Bxc5 32. Qxc5 Nd7
33. Qxb4 Rxa2 34. Rxa2 Rxa2 35. Bc4 Ra7 36. d6+ Kh7 37. dxc7 Rxc7 38. Bb5
Qb8 39. Qa4 Nc5 40. Qa5 Ra7 41. Qb4 Nd3 42. Qd2 Nxe1 43. Be2 Ra1 44. Bf1 Qe5
45. Qe2 Rb1 46. g4 Qg5 47. Kh1 hxg4 48. hxg4 Qf4 49. Kg1 Nf3+ 50. Kg2 Nd2
51. Kg1 Nxf1 52. Qxf1 Rxf1+ 53. Kxf1 Qxe4 54. Kg1 Qxg4+ 55. Kf1 Qf3 56. Kg1
Kh6 57. Kh2 Kg5 58. Kg1 Kg4 59. Kh2 Qxf2+ 60. Kh1 Qa2 61. Kg1 Kf3 62. Kh1
Qg2# {White checkmated} 0-1

[Event "ICC tourney 1900 (45 10)"]
[Site "Internet Chess Club"]
[Date "2020.07.04"]
[Round "4"]
[White "advaith06"]
[Black "pawnpush202044"]
[Result "0-1"]
[ICCResult "White resigns"]
[WhiteElo "1585"]
[BlackElo "1479"]
[Opening "QGD: exchange, positional line"]
[ECO "D35"]
[NIC "QO.16"]
[Time "18:30:44"]
[TimeControl "2700+10"]

1. d4 d5 2. c4 e6 3. Nc3 Nf6 4. cxd5 exd5 5. Bg5 Be7 6. e3 c6 7. Bd3 Nbd7 8.
Nge2 O-O 9. Qc2 Re8 10. O-O Nf8 11. f3 Be6 12. h3 Rc8 13. Rad1 h6 14. Bh4 c5
15. Bf2 c4 16. Bf5 Qd7 17. Bxe6 Nxe6 18. e4 b5 19. e5 Nh5 20. Qf5 g6 21. Qg4
b4 22. Nb1 Nhg7 23. f4 a5 24. Ng3 h5 25. Qf3 h4 26. Ne2 Nf5 27. g4 hxg3 28.
Nxg3 Nh6 29. Kh2 Ng7 30. Rg1 Nhf5 31. Nxf5 Nxf5 32. Rde1 Qe6 33. Rg4 Kg7 34.
Kg2 Rh8 35. Rh1 Nh6 36. f5 Nxf5 37. h4 Rh5 38. Qf4 c3 39. bxc3 bxc3 40. Qc1
c2 41. Nd2 Nxh4+ 42. Rgxh4 Bxh4 43. Rxh4 Rxh4 44. Bxh4 Qg4+ 45. Bg3 Rc3 46.
Nf1 Qd1 47. Bf4 Qe2+ 48. Kg1 Qg4+ 49. Kh1 Rh3+ 50. Nh2 Qe2 51. e6 Rxh2+ 52.
Bxh2 Qd1+ {White resigns} 0-1

[Event "ICC tourney 1900 (45 10)"]
[Site "Internet Chess Club"]
[Date "2020.07.04"]
[Round "4"]
[White "Ryan123455"]
[Black "chessfirelord"]
[Result "0-1"]
[ICCResult "White checkmated"]
[WhiteElo "1321"]
[BlackElo "1281"]
[Opening "Sicilian: accelerated fianchetto, modern variation with Bc4"]
[ECO "B35"]
[NIC "SI.33"]
[Time "18:30:51"]
[TimeControl "2700+10"]

1. e4 c5 2. Nf3 Nc6 3. d4 cxd4 4. Nxd4 g6 5. Be3 Bg7 6. Nc3 Nf6 7. Bc4 O-O
8. Bb3 d6 9. f3 Bd7 10. Qd2 a6 11. O-O-O b5 12. Kb1 Qc7 13. g4 Ne5 14. h4 h5
15. g5 Ne8 16. Nd5 Qd8 17. f4 Ng4 18. Bg1 a5 19. a3 Nc7 20. Nxc7 Qxc7 21. f5
Kh7 22. fxg6+ fxg6 23. Ne6 Bxe6 24. Bxe6 Ne5 25. Be3 b4 26. a4 Nc4 27. Bxc4
Qxc4 28. Qd5 Qc7 29. Rhf1 Rac8 30. Qd3 Rxf1 31. Rxf1 Qc6 32. Rf7 Qxa4 33.
Bd4 e5 34. Be3 Qe8 35. Ra7 Qd8 36. Qf1 Qg8 37. Rxa5 b3 38. c3 Ra8 39. Qb5
Rxa5 40. Qxa5 Qc4 41. Qd5 Qe2 42. Qd2 Qg4 43. Qxd6 Qxe4+ 44. Kc1 Qc2#
{White checkmated}
0-1

[Event "ICC tourney 1900 (45 10)"]
[Site "Internet Chess Club"]
[Date "2020.07.04"]
[Round "4"]
[White "NSXchessplayer"]
[Black "CoastalJourney"]
[Result "1/2-1/2"]
[ICCResult "Game drawn because neither player has mating material"]
[WhiteElo "1320"]
[BlackElo "1365"]
[Opening "Scandinavian: Marshall variation"]
[ECO "B01"]
[NIC "SD.03"]
[Time "18:31:00"]
[TimeControl "2700+10"]

1. e4 d5 2. exd5 Nf6 3. d4 Nxd5 4. Nf3 Nc6 5. c3 Bg4 6. Be2 e6 7. h3 Bh5 8.
O-O Be7 9. Be3 O-O 10. Nbd2 Bd6 11. c4 Nf6 12. a3 a5 13. Qc2 Re8 14. Rac1
Bg6 15. Bd3 e5 16. Bxg6 hxg6 17. dxe5 Nxe5 18. Nxe5 Bxe5 19. Nf3 Bd6 20.
Rfd1 Qc8 21. Rd2 Ne4 22. Re2 Bc5 23. Rce1 Bxe3 24. Rxe3 Nf6 25. Nd4 Qd7 26.
Nf3 b6 27. Nd2 Rxe3 28. Rxe3 Rd8 29. Re2 Qd3 30. Nf1 Qxc2 31. Rxc2 Rd1 32.
f3 Kf8 33. Kf2 Rd8 34. Ne3 Rd7 35. Ke2 Ke7 36. g4 g5 37. Nf5+ Kf8 38. Rd2
Rxd2+ 39. Kxd2 g6 40. Nd4 Ke7 41. Ke3 Kd6 42. b4 axb4 43. axb4 c5 44. bxc5+
Kxc5 45. Kd3 Nd7 46. Nb3+ Kb4 47. Nd2 Kc5 48. Ne4+ Kb4 49. Kd4 f6 50. Kd5
Ne5 51. Nxf6 Nxf3 52. Ne4 Kb3 53. c5 bxc5 54. Kxc5 Kc2 55. Kc4 Kd1 56. Kd3
Ne5+ 57. Ke3 Nf7 58. Kf3 Ke1 59. Nf6 Kf1 60. Nd5 Kg1 61. Kg3 Ne5 62. h4
gxh4+ 63. Kxh4 Kg2 64. Kg5 Nxg4 65. Kxg6
{Game drawn because neither player has mating material}
1/2-1/2

[Event "ICC tourney 1900 (45 10)"]
[Site "Internet Chess Club"]
[Date "2020.07.04"]
[Round "4"]
[White "chessisthebest1"]
[Black "xyzchessdude"]
[Result "0-1"]
[ICCResult "White checkmated"]
[WhiteElo "1489"]
[BlackElo "1537"]
[Opening "Sicilian: Richter-Rauzer, Rauzer attack, 7...a6 defense, 8...Bd7"]
[ECO "B67"]
[NIC "SI.30"]
[Time "18:31:29"]
[TimeControl "2700+10"]

1. e4 c5 2. Nf3 Nc6 3. d4 cxd4 4. Nxd4 Nf6 5. Nc3 d6 6. Bg5 e6 7. Qd2 a6 8.
O-O-O Bd7 9. h4 b5 10. f3 h6 11. Be3 Ne5 12. g4 b4 13. Nb1 d5 14. exd5 Nxd5
15. Be2 Nxe3 16. Qxe3 Qc7 17. f4 Nc4 18. Bxc4 Qxc4 19. f5 Bc5 20. Qe5 Rc8
21. fxe6 Bxe6 22. Rh2 O-O 23. Nxe6 fxe6 24. Re2 Qxg4 25. Qxe6+ Qxe6 26. Rxe6
Rf2 27. c3 a5 28. Rd2 Kf7 29. Rxf2+ Kxe6 30. Rf3 Be7 31. Re3+ Kf7 32. Re4
Bf6 33. Kd2 Rb8 34. b3 bxc3+ 35. Nxc3 Rd8+ 36. Kc2 Rc8 37. Rc4 Rxc4 38. bxc4
Bxh4 39. c5 Ke6 40. Kd3 Bd8 41. Kc4 h5 42. Kb5 h4 43. Ne4 Kd5 44. Nf2 g5 45.
c6 Bc7 46. a4 Bd8 47. Ng4 h3 48. Nh2 Bc7 49. Ng4 h2 50. Nxh2 Bxh2 51. Kb6 g4
52. c7 Bxc7+ 53. Kxc7 Kc5 54. Kb7 g3 55. Ka8 g2 56. Ka7 g1=Q 57. Ka8 Qg7 58.
Kb8 Kb6 59. Kc8 Qc7# {White checkmated} 0-1

[Event "ICC tourney 1900 (45 10)"]
[Site "Internet Chess Club"]
[Date "2020.07.04"]
[Round "4"]
[White "vikram251107"]
[Black "sushivishwa"]
[Result "0-1"]
[ICCResult "White resigns"]
[WhiteElo "1462"]
[BlackElo "1490"]
[Opening "Ruy Lopez: 5.O-O"]
[ECO "C78"]
[NIC "RL.12"]
[Time "18:30:59"]
[TimeControl "2700+10"]

1. e4 e5 2. Nf3 Nc6 3. Bb5 a6 4. Ba4 Nf6 5. O-O b5 6. Bb3 Bc5 7. d3 d6 8. h3
h6 9. c3 Bb6 10. Qe2 O-O 11. Be3 Be6 12. Bxb6 cxb6 13. Nbd2 Bxb3 14. Nxb3
Re8 15. Nfd2 d5 16. Rad1 a5 17. Na1 Rc8 18. Nc2 d4 19. f4 exf4 20. Nf3 dxc3
21. bxc3 Nh5 22. Qd2 Ng3 23. Rfe1 Qf6 24. Rb1 Ne5 25. Ncd4 Nxf3+ 26. gxf3 b4
27. Nb5 bxc3 28. Qc2 Qg5 29. Kh2 Re5 30. Nd6 Rc6 31. Nc4 Ree6 32. Rg1 Qh4
33. Rbc1 Rc5 34. Ne3 Rh5 35. Qg2 Rg6 36. Ng4 Ne2 37. Rge1 Nxc1 38. Rxc1 Rc5
39. d4 Rc8 40. Qf1 Qg3+ 41. Kh1 Rg5 42. Rc2 Rh5 43. Nf6+ gxf6 44. Rg2 Rxh3+
45. Kg1 Qxg2+ 46. Kxg2 Rg3+ 47. Kf2 c2 48. Qc1 Rc3 49. d5 Rcxf3+ 50. Ke2
Re3+ 51. Kf2 Rc3 52. a3 Rgd3 53. d6 Rxd6 54. Qxf4 c1=Q 55. Qxd6 Qb2+ 56. Ke1
Rc1+ 57. Qd1 Rxd1+ 58. Kxd1 h5 {White resigns} 0-1

[Event "ICC tourney 1900 (45 10)"]
[Site "Internet Chess Club"]
[Date "2020.07.04"]
[Round "4"]
[White "ruitang"]
[Black "natez"]
[Result "0-1"]
[ICCResult "White resigns"]
[WhiteElo "1477"]
[BlackElo "1530"]
[Opening "Caro-Kann: classical, Spassky variation"]
[ECO "B19"]
[NIC "CK.12"]
[Time "18:30:40"]
[TimeControl "2700+10"]

1. e4 c6 2. d4 d5 3. Nc3 dxe4 4. Nxe4 Bf5 5. Ng3 Bg6 6. h4 h6 7. Nf3 Nd7 8.
h5 Bh7 9. Bd3 Bxd3 10. Qxd3 Qc7 11. Bd2 Ngf6 12. O-O-O O-O-O 13. c4 e5 14.
Bc3 exd4 15. Nxd4 Ng4 16. Qe2 Qf4+ 17. Rd2 Bc5 18. Rh4 Ndf6 19. Ngf5 Rhe8
20. Qd1 g6 21. hxg6 fxg6 22. Ne3 Nxe3 23. Rxf4 Nxd1 24. Rxd1 Ne4 25. Kc2
Nxc3 26. Kxc3 Bxd4+ 27. Rfxd4 Rxd4 28. Rxd4 Kc7 29. Kd3 Re6 30. c5 Re5 31.
Rd6 Rg5 32. Rf6 Rxg2 33. Rf7+ Kc8 34. Rf8+ Kd7 35. Ke3 Rg5 36. Rf7+ Ke6 37.
Rxb7 Rxc5 38. Rxa7 Rc2 39. Rh7 h5 40. Rc7 Kf5 41. b4 Rxa2 42. Kf3 Ra3+ 43.
Kg2 Ra6 44. Rb7 Kg4 45. b5 cxb5 46. Rxb5 Rf6 47. Rb4+ Rf4 48. f3+ Kg5 49.
Rb5+ Rf5 50. Rb4 Rf4 51. Rb5+ Kh4 52. Rb6 g5 53. Rb1 g4 54. Rh1+ Kg5 55. Rf1
h4 56. Rf2 g3 57. Rb2 Kf6 58. Rb6+ Ke5 59. Rb5+ Kd4 60. Rb4+ Ke3 61. Rb3+
Ke2 62. Rb2+ Kd3 63. Rb3+ Kc2 64. Re3 Rd4 65. Re4 Kc3 66. Re2 Kd3 67. Re8
Rc4 68. Kh3 Rc1 69. Rg8 Rh1+ 70. Kg2 Rh2+ 71. Kg1 Ke3 72. Ra8 Kxf3 73. Ra3+
Kg4 74. Ra4+ Kh3 75. Ra3 Rb2 {White resigns} 0-1

[Event "ICC tourney 1900 (45 10)"]
[Site "Internet Chess Club"]
[Date "2020.07.04"]
[Round "4"]
[White "Averyyu321"]
[Black "cdj12417489"]
[Result "1-0"]
[ICCResult "Black resigns"]
[WhiteElo "1268"]
[BlackElo "1163"]
[Opening "Sicilian: Prins (Moscow) variation"]
[ECO "B55"]
[NIC "SI.01"]
[Time "18:30:56"]
[TimeControl "2700+10"]

1. e4 c5 2. Nf3 d6 3. d4 cxd4 4. Nxd4 Nf6 5. f3 e6 6. c4 Nc6 7. Be3 Nxd4 8.
Bxd4 Qc7 9. Nc3 a6 10. Be2 Be7 11. O-O e5 12. Be3 Be6 13. Nd5 Nxd5 14. cxd5
Bd7 15. Rc1 Qd8 16. Qb3 b5 17. Rfd1 O-O 18. Kh1 f5 19. exf5 Bxf5 20. Bd3
Bxd3 21. Qxd3 Rc8 22. Rxc8 Qxc8 23. Rc1 Qb7 24. Rc6 Rc8 25. Qc3 Rxc6 26.
dxc6 Qc7 27. Bb6 Qc8 28. c7 d5 29. Qxe5 Bf6 30. Qxd5+ Kf8 31. Qd8+ Bxd8 32.
cxd8=Q+ Qxd8 33. Bxd8 g6 34. Kg1 Kf7 35. Kf2 Ke6 36. Ke3 Kd5 37. Kd3 Ke5 38.
Bc7+ Kd5 39. g3 Kc5 40. f4 Kd5 41. g4 Kc6 42. Ba5 Kd5 43. Ke3 Ke6 44. Ke4
Kd6 45. f5 gxf5+ 46. gxf5 Ke7 47. Ke5 Kf7 48. f6 h5 49. Kf5 h4 50. Bc3 h3
51. Kg4 a5 52. Kxh3 b4 53. Bd4 a4 54. Kg4 Kg6 55. h4 b3 56. axb3 axb3 57.
h5+ Kf7 58. h6 Kg8 59. f7+ Kh7 60. f8=Q {Black resigns} 1-0

[Event "ICC tourney 1900 (45 10)"]
[Site "Internet Chess Club"]
[Date "2020.07.04"]
[Round "4"]
[White "mydogeatschess"]
[Black "MysteryHunter"]
[Result "1-0"]
[ICCResult "Black forfeits on time"]
[WhiteElo "1416"]
[BlackElo "1542"]
[Opening "Sicilian: Canal-Sokolsky attack, Sokolsky variation"]
[ECO "B52"]
[NIC "SI.01"]
[Time "18:30:58"]
[TimeControl "2700+10"]

1. e4 c5 2. Nf3 d6 3. Bb5+ Bd7 4. Bxd7+ Qxd7 5. c4 Nf6 6. Nc3 Nc6 7. d4 cxd4
8. Nxd4 g6 9. f3 Bg7 10. Be3 h5 11. h4 a6 12. Rc1 Rc8 13. b3 e6 14. O-O O-O
15. Na4 Qc7 16. Qd2 Kh7 17. Rfd1 Rfd8 18. Ne2 Qe7 19. Nb6 Rb8 20. Bf4 e5 21.
Bg5 Qe6 22. Nd5 Ne7 23. Nxe7 Qxe7 24. Nc3 Qe6 25. Nd5 Rd7 26. Nb6 Rdd8 27.
Rc3 Bf8 28. Rd3 Re8 29. Bxf6 Qxf6 30. Nd7 Qxh4 31. Nxf8+ Rxf8 32. Rxd6 Kg7
33. Qd5 Qg3 34. Rd7 h4 35. f4 exf4 36. Qe5+ {Black forfeits on time} 1-0